 Dungeon Crawl Stone Soup version 0.19-a0-1002-g674d22e (webtiles) character file.

1657 mistymad the Skirmisher (level 9, -12/72 HPs)
             Began as a Formicid Abyssal Knight on July 19, 2016.
             Was an Elder of Lugonu.
             Mangled by an ice beast (14 damage)
             ... on level 6 of the Dungeon.
             The game lasted 00:11:39 (7269 turns).

mistymad the Skirmisher (Formicid Abyssal Knight)   Turns: 7269, Time: 00:11:40

Health: -12/72     AC:  1    Str: 23    XL:     9   Next: 20%
Magic:  10/10      EV:  7    Int: 11    God:    Lugonu [****..]
Gold:   370        SH:  0    Dex: 10    Spells: 0 memorised, 8 levels left

rFire  . . .     SeeInvis +     v - +3 hand axe
rCold  . . .     Gourm    .     q - +0 plate armour
rNeg   . . .     Faith    .     (no shield)
rPois  .         Spirit   .     (helmet unavailable)
rElec  .         Dismiss  .     (no cloak)
rCorr  .         Reflect  .     (no gloves)
SustAt .         Harm     .     (no boots)
MR     +....                    l - amulet of regeneration
Stlth  ..........               s - ring of protection from magic
                                d - +2 ring of strength

@: corroded, somewhat resistant to hostile enchantments, extremely unstealthy
A: permanent stasis, dig shafts and tunnels, four strong arms, antennae 3
a: Dig, Shaft Self, Depart the Abyss, Bend Space, Banish, Corrupt, Renounce
Religion


You were on level 6 of the Dungeon.
You worshipped Lugonu.
Lugonu was greatly pleased with you.
You were hungry.

You visited 1 branch of the dungeon, and saw 6 of its levels.
You visited the Abyss 1 time.

You collected 370 gold pieces.

Inventory:

Hand Weapons
 v - a +3 hand axe (weapon)
Missiles
 u - 8 javelins (quivered)
Armour
 q - a +0 plate armour (worn)
Jewellery
 d - a +2 ring of strength (left hand)
 i - an uncursed ring of fire
 l - an amulet of regeneration (around neck)
 s - a ring of protection from magic (right hand)
Scrolls
 a - a scroll of enchant weapon {unknown}
 e - a scroll of recharging {unknown}
 g - 2 scrolls of fog {unknown}
 j - a scroll of identify
 r - a scroll of fear
 w - 3 scrolls of remove curse
Potions
 h - a potion of degeneration {unknown}
 k - 2 potions of curing
 m - a potion of cancellation
 n - a potion of agility {unknown}
 o - a potion of flight {unknown}
 p - a potion of beneficial mutation {unknown}
 t - a potion of resistance
Comestibles
 b - 4 beef jerkies
 c - a bread ration
 f - 3 meat rations
 z - a royal jelly


   Skills:
 + Level 7.5 Fighting
 + Level 6.8 Axes
 + Level 7.3 Armour
 - Level 1.0 Dodging
 - Level 2.2 Invocations


You had 8 spell levels left.
You didn't know any spells.

Dungeon Overview and Level Annotations

Branches:
Dungeon (6/15)
 Temple: D:4-7

Altars:
Cheibriados
Dithmenos
Hepliaklqana
Makhleb
Nemelex Xobeh
Okawaru
Ru
Trog

Annotations:
D:1 1 exclusion


Innate Abilities, Weirdness & Mutations

You are under a permanent stasis effect.
You can dig through walls and to a lower floor.
Your four strong arms can wield two-handed weapons with a shield.
You have a pair of large antennae on your head. (SInv)


Message History

You hit the ice beast.
The ice beast is severely wounded.
Your plate armour prevents you from hitting the jelly.
You are feeling hungry.
The jelly hits you.
You are splashed with acid!
The acid corrodes you!
The acid burns!
* * * LOW HITPOINT WARNING * * *
The ice beast barely misses you.
You take 10 damage, and have 18/72 hp.
You hit the jelly. The acid corrodes you!
Your hands burn!
* * * LOW HITPOINT WARNING * * *
The jelly is severely wounded.
You hit the ice beast. The jelly hits you.
* * * LOW HITPOINT WARNING * * *
You are splashed with acid!
The acid corrodes you!
The acid burns!
* * * LOW HITPOINT WARNING * * *
The ice beast hits you.
* * * LOW HITPOINT WARNING * * *
The ice beast freezes you!
You die...

...#
...###############+##
....#.##.#..........#
....'....#..........+
.)..#....#..........#
....######..........# #
#'##..........#####.....
...#..........#..Y#.....
...#............@J......
...#..........#####.....
...########.###...# ...
#####...#.........# #
...+....#.........#
...##...##...##.).#
...##...##...##...#
....'.........#...#
....#.........#...#


You could see an ice beast and a jelly.

Vanquished Creatures
  Sigmund (D:6)
  Edmund (D:6)
  An ice beast (D:6)
  A sky beast (D:5)
  An ogre (D:6)
  A phantom (D:4)
  2 centaurs
  A scorpion (D:4)
  5 wights (D:6)
  A howler monkey (D:4)
  A jelly (D:6)
  2 hounds
  An orc priest (D:5)
  3 iron imps (D:4)
  3 orc wizards
  A centaur skeleton (D:6)
  2 worker ants
  A worker ant zombie (D:5)
  A howler monkey skeleton (D:4)
  7 gnolls
  4 adders
  An ooze (D:2)
  2 adder skeletons
  An adder zombie (D:5)
  4 worms
  2 giant geckos (D:6)
  10 orcs
  5 bats (D:1)
  7 giant cockroaches
  4 goblins
  5 hobgoblins
  3 jackals (D:2)
  A quokka (D:4)
  A ball python zombie (D:4)
  A giant gecko zombie (D:5)
  6 giant newts
  8 kobolds
  4 rats
106 creatures vanquished.

Notes
Turn   | Place    | Note
-------+----------+-------------------------------------------
     0 | Abyss:1  | mistymad the Formicid Abyssal Knight began the quest for the Orb.
     0 | Abyss:1  | Reached XP level 1. HP: 18/18 MP: 2/2
    59 | Abyss:1  | Found a corrupted altar of Lugonu.
    85 | D:1      | Escaped the Abyss
   103 | D:1      | Reached skill level 1 in Dodging
   326 | D:1      | Reached XP level 2. HP: 18/24 MP: 3/3
  1023 | D:2      | Reached XP level 3. HP: 29/29 MP: 4/4
  1205 | D:2      | Reached ** piety under Lugonu
  1668 | D:3      | Reached XP level 4. HP: 22/37 MP: 5/5
  2500 | D:3      | Reached XP level 5. HP: 20/43 MP: 6/6
  3071 | D:3      | Found a bloodstained altar of Trog.
  3146 | D:4      | Noticed a centaur
  3161 | D:4      | Killed a centaur
  3161 | D:4      | Reached XP level 6. HP: 23/49 MP: 7/7
  3566 | D:4      | Reached skill level 5 in Fighting
  3872 | D:4      | Noticed a phantom
  4170 | D:4      | Reached *** piety under Lugonu
  4312 | D:4      | Killed a phantom
  4312 | D:4      | Reached XP level 7. HP: 49/56 MP: 8/8
  4567 | D:4      | Found a hazy altar of Hepliaklqana.
  4569 | D:4      | Found a sparkling altar of Nemelex Xobeh.
  4571 | D:4      | Found an iron altar of Okawaru.
  4571 | D:4      | Found a shadowy altar of Dithmenos.
  4574 | D:4      | Found a sacrificial altar of Ru.
  4630 | D:4      | Found a burning altar of Makhleb.
  5019 | D:4      | Reached skill level 5 in Armour
  5041 | D:5      | Entered Level 5 of the Dungeon
  5340 | D:5      | Reached skill level 5 in Axes
  5780 | D:5      | Reached XP level 8. HP: 32/64 MP: 9/9
  6622 | D:6      | Found a snail-covered altar of Cheibriados.
  6808 | D:6      | Noticed Sigmund
  6818 | D:6      | Killed Sigmund
  6818 | D:6      | Reached **** piety under Lugonu
  6859 | D:6      | Reached XP level 9. HP: 55/72 MP: 10/10
  7174 | D:6      | Noticed Edmund
  7200 | D:6      | Killed Edmund
  7269 | D:6      | HP: 2/72 [ice beast (3)]
  7269 | D:6      | Mangled by an ice beast

Vault maps used:
D:1:      dpeg_arrival_windows_large_door, corexii_item_surrounded_by_moat,
          minmay_bisected
D:2:      first_bread
D:3:      marbit_many_paths
D:4:      nicolae_overflow_hidden_temple, demons_altar
D:6:      old_standard_altar, uniq_edmund, uniq_sigmund

Skill      XL: |  1  2  3  4  5  6  7  8  9 |
---------------+----------------------------+-----
Dodging        | 1 |  1.0
Armour         | 3 4 5 6 7 |  7.3
Fighting       | 4 5 6 7 |  7.5
Axes           | 3 4 5 6 |  6.8
Invocations    | |  2.2

Action                   |  1- 3 |  4- 6 |  7- 9 || total
-------------------------+-------+-------+-------++-------
Melee: Hand axe          |    89 |   208 |   345 ||   642
 Abil: Dig               |     1 |     2 |     6 ||     9
  Use: Scroll            |     5 |     4 |     1 ||    10
       Potion            |     2 |       |       ||     2
  Eat: Chunk             |     2 |     9 |     6 ||    17
       Bread ration      |       |       |     1 ||     1
Armor: Scale mail        |    46 |    70 |    17 ||   133
       Leather armour    |     1 |       |       ||     1
       Plate armour      |       |       |   178 ||   178
Dodge: Dodged            |    47 |    92 |    97 ||   236
